 Dungeon Crawl Stone Soup version 0.31-a0-187-gba352fbbf7 (webtiles) character file.

Game seed: 13121767116971630574

1078 Gorgondantess the Firebug (level 8, -1/41 HPs)
             Began as a Tengu Fire Elementalist on June 23, 2023.
             Killed by divine providence
             ... invoked by an orc priest
              (9 damage)
             ... on level 5 of the Dungeon.
             The game lasted 00:09:45 (5002 turns).

Gorgondantess the Firebug (Tengu Fire Elementalist) Turns: 5002, Time: 00:09:46

Health: -1/41      AC:  4    Str:  9    XL:     8   Next: 29%
Magic:  1/15       EV: 18    Int: 17    God:
Gold:   183        SH:  0    Dex: 24    Spells: 9/16 levels left

rFire   . . .        r - +2 short sword (venom)
rCold   . . .        (no shield)
rNeg    . . .        k - +2 robe of Indomitability {Dex+3}
rPois   +            (helmet restricted)
rElec   .            (no cloak)
rCorr   .            (no gloves)
SInv    .            (boots unavailable)
Will    .....        (no amulet)
Stlth   +++          h - ring of poison resistance
HPRegen 0.26/turn    n - +6 ring of dexterity
MPRegen 0.14/turn

%: no passive effects
@: flying quickly and evasively, quick
A: beak, talons 3, nimble flight
a: no special abilities


You were on level 5 of the Dungeon.
You visited 1 branch of the dungeon, and saw 5 of its levels.

You collected 183 gold pieces.

Inventory:

Hand Weapons
 c - a +0 mace
 d - a +2 dagger of speed
 r - a +2 short sword of venom (weapon)
Missiles
 o - 10 poisoned darts
 w - 2 throwing nets
Armour
 a - a +0 robe
 i - a +0 leather armour
 k - the +2 robe of Indomitability (worn) {Dex+3}
   (You found it on level 2 of the Dungeon)

   Dex:       It affects your dexterity (+3).
 y - an orb of guile
Magical Staves
 A - a staff of air
Jewellery
 h - a ring of poison resistance (left hand)
 n - a +6 ring of dexterity (right hand)
 z - a +6 ring of intelligence
Wands
 u - a wand of iceblast (15)
Scrolls
 f - 4 scrolls of identify {unknown}
 j - a scroll of fog {unknown}
 l - a scroll of enchant weapon {unknown}
 q - 4 scrolls of teleportation
 t - a scroll of vulnerability {unknown}
 v - a scroll of revelation {unknown}
 x - 2 scrolls of blinking {unknown}
Potions
 b - 2 potions of magic
 e - a potion of might {unknown}
 g - a potion of resistance {unknown}
 m - 2 potions of curing {unknown}
 p - a potion of mutation {unknown}
 s - 2 potions of heal wounds {unknown}
 B - 2 potions of cancellation {unknown}


   Skills:
 + Level 4.4 Dodging
 - Level 2.0 Stealth
 + Level 4.5 Spellcasting
 + Level 6.0 Conjurations
 * Level 7.3 Fire Magic


You had 9 spell levels left.
You knew the following spells:

 Your Spells              Type           Power      Damage    Failure   Level
a - Foxfire               Conj/Fire      100%       2x1d9     1%          1
b - Scorch                Fire           56%        2d7       1%          2
c - Flame Wave            Conj/Fire      26%        2d8       10%         4

Your spell library contained the following spells:

 Spells                   Type           Power      Damage    Failure   Level
 Inner Flame              Hex/Fire       16%        N/A       10%         3
 Volatile Blastmotes      Fire/Tloc      32%        2d12      10%         3
 Dazzling Flash           Conj/Hex       28%        N/A       13%         3
 Lesser Beckoning         Tloc           6%         N/A       22%         2
 Gell's Gravitas          Tloc           3%         N/A       41%         3
 Teleport Other           Tloc           3%         N/A       41%         3
 Agony                    Necr           3%         N/A       99%         5
 Silence                  Hex/Air        1%         N/A       99%         5
 Dispersal                Tloc           1%         N/A       100%        6


Dungeon Overview and Level Annotations

Branches:
Dungeon (5/15)
 Temple: D:4-7

Altars:
Trog


Innate Abilities, Weirdness & Mutations

You have a beak for a mouth.
You have claws for feet.
Your magical nature lets you fly swiftly and evasively.


Message History

The ufetubus barely misses you.
The orc priest looks satisfied for a moment.
The ufetubus attacks as you move away! The ufetubus barely misses you.
The ufetubus misses you. The ufetubus hits you.
The ufetubus completely misses you.
The ufetubus hits you but does no damage. x2
The ufetubus attacks as you move away! The ufetubus hits you.
The ufetubus closely misses you. The ufetubus barely misses you. x2
The ufetubus attacks as you move away! The ufetubus barely misses you.
The ufetubus misses you. The ufetubus hits you.
The ufetubus closely misses you. The ufetubus attacks as you move away!
The ufetubus closely misses you. The ufetubus misses you.
The ufetubus hits you but does no damage.
The ufetubus misses you. The ufetubus attacks as you move away!
The ufetubus closely misses you. The ufetubus barely misses you.
The ufetubus hits you. x2
The ufetubus attacks as you move away!
The ufetubus hits you but does no damage.
The ufetubus hits you.
Flames lash the ufetubus.
The ufetubus is burned terribly!
The ufetubus is almost dead.
The ufetubus's fire resistance burns away.
The ufetubus misses you.
The ufetubus hits you but does no damage.
The ufetubus closely misses you. x2
Flames lash the ufetubus.
The ufetubus is burned terribly!
You kill the ufetubus!
The orc priest calls down the wrath of Beogh upon you.
Pain shoots through your body!
* * * LOW HITPOINT WARNING * * *
The orc priest closely misses you.
You hit the orc priest but do no damage.
The orc priest is poisoned.
You claw the orc priest.
The orc priest is moderately wounded.
The orc priest calls down the wrath of Beogh upon you.
Beogh smites you!
You die...

##.#### #.## #.....# #+# #.#
#.o##.# #.# #.# #..##.# #.#
#.## #..##.# ##.########...
###..##.## ##...##...##.##
#....o...# #.......#......
#.#...†..######....####......
#.##.###.##o@...#.## #.#...#
#.##........#####.# #......
#.######.#### #.# #......
#........# #.# #.#...#
########## #.# #...... #.#
#......


You could see an orc priest (very poisoned).

Vanquished Creatures
  Grinder (D:3)
  An ice beast (D:5)
  A black bear (D:5)
  A phantom (D:4)
  A scorpion (D:5)
  3 wights (D:4)
  2 hounds (D:5)
  A jelly (D:4)
  An orc priest (D:3)
  An iguana (D:5)
  An orc wizard (D:4)
  4 gnolls (D:2)
  6 adders
  A shadow imp (D:5)
  A white imp (D:4)
  An ufetubus (D:5)
  A worm (D:4)
  6 dart slugs
  12 orcs
  5 bats
  8 endoplasms
  7 giant cockroaches
  6 hobgoblins
  11 jackals
  5 kobolds
  5 quokkas
  7 ball pythons
  3 frilled lizards
  10 goblins
  6 rats
119 creatures vanquished.

Vanquished Creatures (others)
  106 foxfires
106 creatures vanquished.

Grand Total: 225 creatures vanquished

Notes
Turn   | Place    | Note
-------+----------+-------------------------------------------
     0 | D:1      | Gorgondantess the Tengu Fire Elementalist began the quest
                  | for the Orb.
     0 | D:1      | Reached XP level 1. HP: 10/10 MP: 4/4
   131 | D:1      | Reached XP level 2. HP: 15/15 MP: 3/6
   455 | D:1      | Reached XP level 3. HP: 19/19 MP: 7/7
   458 | D:1      | Learned a level 2 spell: Scorch
   843 | D:1      | Found a faded altar of an unknown god.
   849 | D:1      | Reached skill level 4 in Fire Magic
  1050 | D:2      | Identified the +2 robe of Indomitability {Dex+3}
  1099 | D:2      | Reached XP level 4. HP: 21/24 MP: 5/9
  1326 | D:2      | Identified the +0 robe of Vehumet's Delight {rN+ Dex-5
                  | Slay+2 Stlth+}
  2155 | D:3      | Gained mutation: Your magical nature lets you fly swiftly
                  | and evasively. [Tengu growth]
  2155 | D:3      | Reached XP level 5. HP: 28/28 MP: 6/10
  2167 | D:3      | Learned a level 4 spell: Flame Wave
  2508 | D:3      | Noticed Grinder
  2536 | D:3      | Killed Grinder
  2537 | D:3      | Reached skill level 5 in Fire Magic
  2537 | D:3      | Reached XP level 6. HP: 5/32 MP: 0/12
  3098 | D:4      | Reached XP level 7. HP: 34/36 MP: 0/13
  3228 | D:4      | Reached skill level 6 in Fire Magic
  3308 | D:4      | Reached skill level 5 in Conjurations
  3618 | D:4      | Found a bloodstained altar of Trog.
  4205 | D:5      | Entered Level 5 of the Dungeon
  4434 | D:5      | Reached XP level 8. HP: 38/41 MP: 8/15
  4816 | D:5      | Reached skill level 7 in Fire Magic
  5002 | D:5      | Killed from afar by an orc priest

Illustrated notes

Levels and vault maps discovered:
D:1:      minmay_arrival_four_loops, layout_basic,
          dreamdust_ecumenical_altar_grove
D:2:      layout_loops_corners
D:3:      layout_basic, uniq_grinder
D:4:      layout_basic, mainiacjoe_overflow_surrounded_room
D:5:      layout_loops_corners, temple_hall, minmay_liquid_box,
          water_maze_lemuel

Skill      XL: |  1  2  3  4  5  6  7  8 |
---------------+-------------------------+-----
Conjurations   | 2 3 4 5 6 |  6.0
Fire Magic     | 4 5 6 7 |  7.3
Spellcasting   | 3 4 |  4.5
Dodging        | 3 4 |  4.4
Stealth        | |  2.0

Action                     |  1- 3 |  4- 6 |  7- 9 || total
---------------------------+-------+-------+-------++-------
  Melee: Unarmed           |    26 |       |       ||    26
         Kick              |    20 |     5 |     5 ||    30
         Peck              |    12 |     3 |     2 ||    17
         Punch             |     2 |       |       ||     2
         Mace              |     7 |       |       ||     7
         Dagger            |    47 |    24 |       ||    71
         Short sword       |       |     3 |    14 ||    17
   Cast: Foxfire           |    25 |    30 |    11 ||    66
         Scorch            |     8 |    30 |    47 ||    85
   Stab: Sleeping          |     3 |       |       ||     3
 Armour: Robe              |     8 |     5 |    11 ||    24
         Leather armour    |     2 |       |       ||     2
  Dodge: Dodged            |    59 |    20 |    42 ||   121

Table legend: (Time is in decaauts)
 A = Elapsed time spent in this place.
 B = Non-inter-level travel time spent in this place.
 C = Inter-level travel time spent in this place.
 D = Time resting spent in this place.
 E = Time spent auto-exploring this place.
 F = Levels seen in this place.
 G = Mean time per level.
                   A        B        C        D        E       F      G
               +--------+--------+--------+--------+--------+-----+--------+
         Total |   4816 |   4561 |    255 |     89 |   3678 |   5 |  963.2 |
       Dungeon |   4816 |   4561 |    255 |     89 |   3678 |   5 |  963.2 |
               +--------+--------+--------+--------+--------+-----+--------+

Top non-repeatable levels by time:
     D:4: 1158 daAuts
     D:1: 1071 daAuts
     D:2: 1060 daAuts
     D:3: 776 daAuts
     D:5: 749 daAuts
